AoeStats
← quentin-tardy

Black Forest

509535947Analyzed
4v4 RM · 6d ago on Sep 27, 2026· 55m 24s· 8 players
Game mode
Random Map
Map size
Large (8 player)
Population
200
Speed
Normal
Resources
Standard
Victory
Conquest
Starting age
Dark Age
Ending age
Imperial Age
RankedLock teamsTeams togetherTeam positionsShared explorationLock speedFull tech treeHidden civsTurbo modeCheats
Victory
Defeat
🇫🇷 Saxons · France
954
+14
🇺🇸 Danes · United States
887
+17
🇨🇳 Wei · China
885
+17
🇦🇺 Japanese · Australia
850
+18
🇺🇸 Britons · United States
1025
-22
🇲🇽 Teutons · Mexico
895
-16
🇩🇪 Wu · Germany
879
-15
🇺🇸 Huns · United States
825
-13
TrueCrime
0:29 Loom
14:41 Feudal Age
15:56 Double-Bit Axe
16:04 Gold Mining
15:57 Horse Collar
17:21 Stone Mining
23:46 Castle Age
21:52 Scale Mail Armor
22:03 Forging
24:11 Wheelbarrow
24:20 Fletching
24:31 Padded Archer Armor
25:50 Squires
26:10 Chain Mail Armor
34:23 Imperial Age
32:37 Bow Saw
32:50 Leather Archer Armor
32:41 Arson
33:21 Heavy Plow
34:13 Hand Cart
35:03 Iron Casting
34:25 Bodkin Arrow
36:12 Two-Man Saw
35:30 Caravan
36:34 Gold Shaft Mining
36:36 Conscription
36:17 Sitting Tiger
35:53 Pikeman
37:49 Red Cliffs Tactics
38:31 Elite Fire Archer
39:12 Onager
40:10 Halberdier
42:53 Blast Furnace
42:24 Plate Mail Armor
46:21 Bracer
48:50 Chemistry
Queendi
0:45 Loom
14:38 Feudal Age
21:44 Castle Age
20:08 Double-Bit Axe
20:04 Horse Collar
20:17 Stone Mining
21:45 Gold Mining
23:01 Bow Saw
24:47 Heavy Plow
25:24 Gold Shaft Mining
26:06 Wheelbarrow
34:11 Imperial Age
32:20 Fletching
32:30 Padded Archer Armor
33:55 Bodkin Arrow
34:15 Leather Archer Armor
34:25 Ballistics
34:16 Masonry
36:19 Two-Man Saw
35:27 Bracer
37:03 Ring Archer Armor
36:08 Elite Longbowman
38:33 Chemistry
38:45 Hoardings
38:31 Conscription
38:15 Warwolf
38:26 Town Watch
38:57 Hand Cart
39:55 Fortified Wall
40:16 Architecture
39:42 Murder Holes
47:26 Town Patrol
48:21 Yeomen
Msk
1:06 Loom
13:51 Feudal Age
16:38 Wheelbarrow
20:57 Castle Age
19:06 Horse Collar
19:12 Double-Bit Axe
20:21 Forging
22:19 Bow Saw
24:01 Stone Mining
25:10 Gold Mining
26:30 Heavy Plow
31:03 Imperial Age
29:41 Caravan
30:11 Masonry
31:08 Iron Casting
32:28 Stone Shaft Mining
32:31 Fortified Wall
33:05 Conscription
33:21 Gambesons
33:55 Heavy Plow
34:35 Town Watch
34:38 Cavalier
37:17 Chemistry
37:17 Crop Rotation
37:10 Bloodlines
38:25 Two-Man Saw
38:12 Hand Cart
38:14 Scale Barding Armor
39:09 Blast Furnace
41:11 Crenellations
40:12 Elite Teutonic Knight
41:28 Hoardings
42:50 Chain Barding Armor
42:31 Scale Mail Armor
42:45 Paladin
45:36 Chain Mail Armor
47:51 Plate Barding Armor
47:47 Plate Mail Armor
47:52 Pikeman
48:33 Squires
48:19 Arson
maxhwillson
3:09 Loom
11:19 Feudal Age
15:08 Double-Bit Axe
15:21 Horse Collar
19:20 Castle Age
21:05 Bow Saw
21:32 Stone Mining
23:07 Heavy Plow
23:19 Gold Mining
25:26 Wheelbarrow
24:37 Town Watch
33:12 Imperial Age
31:41 Padded Archer Armor
31:46 Scale Barding Armor
32:30 Gold Shaft Mining
32:35 Murder Holes
33:57 Chain Barding Armor
33:53 Leather Archer Armor
35:16 Chemistry
34:36 Husbandry
34:26 Cavalier
36:22 Plate Barding Armor
35:29 Crossbowman
37:07 Parthian Tactics
36:44 Fletching
37:22 Thumb Ring
40:26 Paladin
41:34 Bodkin Arrow
quentin-tardy
0:49 Loom
12:52 Feudal Age
14:39 Wheelbarrow
18:51 Castle Age
17:20 Double-Bit Axe
17:58 Fishing Lines
25:25 Gillnets
29:56 Hand Cart
32:02 Horse Collar
33:12 Stone Mining
33:14 Gold Mining
33:28 Scale Mail Armor
33:38 Forging
33:30 Padded Archer Armor
33:23 Fletching
36:23 Imperial Age
34:10 Caravan
35:43 Chain Mail Armor
36:03 Iron Casting
36:22 Fortified Wall
36:08 Murder Holes
36:42 Squires
36:27 Gambesons
36:27 Arson
36:07 Clerical Recruitment
38:21 Conscription
37:21 Shield Wall
37:24 Elite Hearth Troop
37:26 Elite Varangian Guard
40:22 Chemistry
39:43 Ballistics
39:38 Masonry
40:30 Chemistry
39:58 Ballistics
41:59 Town Watch
43:57 Block Printing
44:19 Theocracy
46:03 Redemption
46:16 Sanctity
46:51 Cranequins
49:02 Plate Mail Armor
48:28 Bodkin Arrow
55:14 Heavy Mounted Crossbowman
海鸥
0:40 Loom
11:39 Feudal Age
12:06 Double-Bit Axe
12:11 Horse Collar
14:54 Wheelbarrow
20:43 Castle Age
22:13 Heavy Plow
22:26 Bow Saw
22:55 Hand Cart
24:09 Gold Mining
24:10 Stone Mining
26:17 Gold Shaft Mining
26:17 Caravan
28:38 Forging
28:33 Scale Barding Armor
31:05 Imperial Age
29:28 Stone Shaft Mining
29:55 Iron Casting
30:36 Town Watch
31:29 Caravan
31:51 Chain Barding Armor
32:55 Blast Furnace
33:03 Ballistics
32:26 Treadmill Crane
33:47 Chemistry
32:58 Masonry
32:43 Fletching
32:54 Padded Archer Armor
34:33 Tuntian
33:58 Elite Tiger Cavalry
35:00 Conscription
35:37 Bodkin Arrow
35:58 Leather Archer Armor
35:08 Pikeman
35:50 Squires
35:35 Arson
35:59 Scale Mail Armor
37:09 Ming Guang Armor
36:44 Murder Holes
38:10 Husbandry
38:20 Bloodlines
37:33 Light Cavalry
38:44 Parthian Tactics
37:45 Elite Skirmisher
39:00 Thumb Ring
38:57 Bracer
39:28 Ring Archer Armor
39:38 Ring Archer Armor
略微出手已是段位极限
11:00 Feudal Age
11:33 Double-Bit Axe
18:08 Loom
20:50 Castle Age
19:55 Stone Mining
19:57 Gold Mining
25:32 Wheelbarrow
26:30 Bow Saw
28:35 Horse Collar
28:45 Fishing Lines
29:46 Town Watch
33:39 Imperial Age
31:29 Hand Cart
31:35 Heavy Plow
32:33 Gold Shaft Mining
32:38 Stone Shaft Mining
34:20 Ballistics
34:12 Masonry
33:57 Murder Holes
35:14 Forging
35:05 Scale Mail Armor
34:56 Fletching
34:54 Gambesons
35:09 Squires
34:54 Arson
34:33 Elite Varangian Guard
35:47 Caravan
37:08 Chemistry
37:16 Siege Engineers
38:11 Conscription
39:17 Iron Casting
38:57 Chain Mail Armor
38:54 Hamask
38:54 Northmen's Fury
41:02 Chemistry
40:05 Elite Jomsviking
41:56 Plate Mail Armor
42:26 Blast Furnace
43:40 Coinage
52:02 Bodkin Arrow
chase_tips0n
13:27 Feudal Age
18:47 Castle Age
17:37 Double-Bit Axe
23:53 Wheelbarrow
27:54 Bow Saw
33:51 Imperial Age
32:08 Arson
32:09 Gambesons
31:45 Man-at-Arms
32:37 Long Swordsman
35:07 Forging
34:58 Scale Mail Armor
35:37 Onager
35:42 Two-Handed Swordsman
37:14 Hand Cart
38:14 Iron Casting
38:48 Chain Mail Armor
40:28 Champion
44:54 Blast Furnace
44:25 Plate Mail Armor
Connection lost

Rejoining the realm…

Still unreachable

The connection could not be restored.

Session expired

The server has moved on; the page needs a fresh start.